 Dungeon Crawl Stone Soup version 0.27.1-34-g3ba077fa99 (webtiles) character file.

Game seed: 11296042313194134470

2851 mtoz the Cleaver (level 9, -13/82 HPs)
             Began as a Minotaur Berserker on Jan 11, 2022.
             Was a Priest of Trog.
             Killed from afar by Palewisp's ghost (27 damage)
             ... with a stone arrow
             ... on level 6 of the Dungeon.
             The game lasted 00:21:13 (7772 turns).

mtoz the Cleaver (Minotaur Berserker)               Turns: 7772, Time: 00:21:13

Health: -13/82     AC: 10    Str: 24    XL:     9   Next: 46%
Magic:  8/8        EV: 11    Int:  4    God:    Trog [***...]
Gold:   200        SH:  0    Dex: 11    Spells: 8/8 levels left

rFire    . . .     SeeInvis .   a - +0 hand axe
rCold    . . .     Faith    +   (no shield)
rNeg     + . .     Spirit   .   s - +0 chain mail
rPois    .         Reflect  .   (helmet restricted)
rElec    .         Harm     .   (no cloak)
rCorr    .         Rampage  .   (no gloves)
Will     +++..                  (no boots)
Stlth    ..........             i - amulet of faith
HPRegen  1.23/turn              n - ring of willpower
MPRegen  0.11/turn              o - ring of positive energy

@: strong-willed, on berserk cooldown, regenerating, slowed, very slow
A: horns 2, retaliatory headbutt
a: Renounce Religion, Berserk, Trog's Hand


You were on level 6 of the Dungeon.
You worshipped Trog.
Trog was most pleased with you.
You visited 1 branch of the dungeon, and saw 6 of its levels.
You also visited: Ossuary.

You collected 220 gold pieces.
You spent 20 gold pieces at shops.

Inventory:

Hand Weapons
 a - a +0 hand axe (weapon)
 f - a +1 trident of flaming
 k - a +0 dire flail of protection
 t - a +0 flail
 v - a +0 morningstar
Armour
 s - a +0 chain mail (worn)
Jewellery
 i - an amulet of faith (around neck)
 n - a ring of willpower (left hand)
 o - a ring of positive energy (right hand)
Wands
 p - a wand of flame (3)
 u - a wand of mindburst (16)
Scrolls
 e - 2 scrolls of fog
 h - 2 scrolls of enchant armour
 l - a scroll of magic mapping
 m - a scroll of noise
 r - a scroll of teleportation
 x - 3 scrolls of fear
Potions
 c - 6 potions of heal wounds {unknown}
 d - 5 potions of might {unknown}
 g - 3 potions of flight {unknown}
 j - 3 potions of degeneration {unknown}
 w - a potion of cancellation
 z - a potion of curing {unknown}
 A - a potion of resistance
 B - a potion of ambrosia {unknown}


   Skills:
 + Level 8.7 Fighting
 + Level 8.7 Axes
 + Level 8.2 Armour
 + Level 7.5 Dodging


You had 8 spell levels left.
You didn't know any spells.
Your spell library was empty.

Dungeon Overview and Level Annotations

Branches:
Dungeon (6/15)             Temple (0/1) D:5         Ossuary (visited)

Altars:
Ashenzari
Dithmenos
Elyvilon
Gozag
Ru
Yredelemnul

Shops:
D:5 [*

Annotations:
D:6 Palewisp's ghost, novice DDEE


Innate Abilities, Weirdness & Mutations

You have a pair of horns on your head.
You reflexively headbutt those who attack you in melee.


Message History

Palewisp's ghost is lightly damaged.
You barely miss Palewisp's ghost.
Palewisp's ghost is lightly damaged.
Palewisp's ghost hits you.
You are electrocuted!!
You completely miss Palewisp's ghost. Your headbutt misses Palewisp's ghost.
Palewisp's ghost is lightly damaged.
You slash Palewisp's ghost! Your headbutt misses Palewisp's ghost.
Palewisp's ghost is moderately damaged.
Palewisp's ghost hits you but does no damage.
You barely miss Palewisp's ghost.
You headbutt Palewisp's ghost, but do no damage.
Palewisp's ghost is moderately damaged.
You hit Palewisp's ghost.
Palewisp's ghost is moderately damaged.
Palewisp's ghost hits you!
You barely miss Palewisp's ghost.
Palewisp's ghost is moderately damaged.
Palewisp's ghost hits you but does no damage.
You closely miss Palewisp's ghost. You headbutt Palewisp's ghost!
Palewisp's ghost is moderately damaged.
Your chain mail prevents you from hitting Palewisp's ghost.
Palewisp's ghost is moderately damaged.
You are no longer berserk.
You are exhausted.
You feel yourself slow down. Palewisp's ghost closely misses you.
You hit Palewisp's ghost. Your headbutt misses Palewisp's ghost.
Palewisp's ghost is heavily damaged.
Palewisp's ghost hits you.
You are electrocuted!
You barely miss Palewisp's ghost. Your headbutt misses Palewisp's ghost.
Palewisp's ghost is heavily damaged.
Palewisp's ghost points at you and mumbles some strange words.
The stone arrow hits you!!
* * * LOW HITPOINT WARNING * * *
Palewisp's ghost barely misses you.
Blink to where?
Press: ? - help, Dir - move target
As you read the scroll of blinking, it crumbles to dust.
Palewisp's ghost gestures at you while chanting.
The stone arrow hits you!!
You die...

###### #### #....# ...# ####
#'##.########## ##.### #..#
####.##........... #....# #.##
###@...############# #..#.# #.#
##.#.#### # #..#.# #.# #....'."#
# #..#.# #.# #._..'.$# #
#..#.####.###....§W(#############
...........###.#.#####...........
#..#.####.## ###....#############
...#.# #.# ####.##........)..
...#.# #.# ### #'#############


You could see Palewisp's ghost.

Vanquished Creatures
  Grinder (D:3)
  Edmund (D:5)
  A water moccasin (D:5)
  A sky beast (D:6)
  An orc warrior (D:6)
  An ice beast (D:6)
  2 ogres
  A bullfrog (D:6)
  A wyvern zombie (D:6)
  10 scorpions
  3 water moccasin skeletons
  6 killer bees (D:6)
  A howler monkey (D:6)
  3 bullfrog zombies (D:6)
  2 centaur zombies (Ossuary)
  2 hounds (D:4)
  A jelly (D:6)
  A bullfrog skeleton (D:6)
  An orc priest (D:6)
  3 centaur skeletons
  An iguana (D:6)
  8 scorpion zombies (Ossuary)
  2 orc wizards (D:6)
  3 mummies (Ossuary)
  A howler monkey zombie (D:5)
  3 adders
  An ufetubus (D:5)
  2 worms (D:3)
  4 dart slugs
  11 orcs
  6 bats
  5 endoplasms
  2 giant cockroaches
  10 goblins
  3 hobgoblins
  8 jackals (D:2)
  8 kobolds
  3 quokkas
  6 ball pythons
  5 frilled lizards
  A hobgoblin zombie (Ossuary)
  An orc zombie (Ossuary)
  2 rats
139 creatures vanquished.

Notes
Turn   | Place    | Note
-------+----------+-------------------------------------------
     0 | D:1      | mtoz the Minotaur Berserker began the quest for the Orb.
     0 | D:1      | Reached XP level 1. HP: 19/19 MP: 0/0
   299 | D:1      | Reached XP level 2. HP: 22/27 MP: 1/1
   672 | D:1      | Found a faded altar of an unknown god.
   950 | D:2      | Reached ** piety under Trog
  1028 | D:2      | Reached XP level 3. HP: 30/33 MP: 2/2
  1604 | D:3      | Found a shadowy altar of Dithmenos.
  1705 | D:3      | Reached XP level 4. HP: 25/41 MP: 3/3
  2118 | D:3      | Found a white marble altar of Elyvilon.
  2118 | D:3      | Found a broken altar of Ashenzari.
  2146 | D:3      | Found a sacrificial altar of Ru.
  2149 | D:3      | Found an opulent altar of Gozag.
  2307 | D:3      | Noticed Grinder
  2320 | D:3      | Killed Grinder
  2321 | D:3      | Reached skill level 5 in Fighting
  2321 | D:3      | Reached skill level 5 in Axes
  2321 | D:3      | Reached XP level 5. HP: 22/48 MP: 4/4
  2321 | D:3      | Reached XP level 6. HP: 25/56 MP: 5/5
  3319 | D:4      | Reached skill level 5 in Armour
  3319 | D:4      | Reached XP level 7. HP: 58/62 MP: 6/6
  3684 | D:5      | Entered Level 5 of the Dungeon
  3684 | D:5      | Found Ugenef's Antique Armour Emporium.
  3716 | D:5      | Reached *** piety under Trog
  3793 | D:5      | Found a staircase to the Ecumenical Temple.
  3805 | D:5      | Noticed Edmund
  3826 | D:5      | Killed Edmund
  3959 | D:5      | Reached skill level 5 in Dodging
  3980 | D:5      | Found Siptok's General Store.
  4869 | D:6      | Reached XP level 8. HP: 59/71 MP: 7/7
  5253 | D:6      | Found a sand-covered staircase.
  5263 | Ossuary  | Entered an ossuary
  6179 | D:6      | Reached XP level 9. HP: 32/81 MP: 8/8
  6863 | D:6      | Found a runed translucent gate.
  6863 | D:6      | Found a runed translucent gate.
  6863 | D:6      | Found a runed translucent gate.
  6863 | D:6      | Noticed Palewisp's ghost (novice DDEE)
  6865 | D:6      | Found a basalt altar of Yredelemnul.
  7710 | D:5      | Bought a scroll of identify for 20 gold pieces
  7772 | D:6      | Killed from afar by Palewisp's ghost

Illustrated notes

Levels and vault maps discovered:
D:1:      eino_arrival_water_cross, layout_loops_ring,
          dreamdust_ecumenical_altar_angels_and_demons
D:2:      layout_rooms
D:3:      layout_loops_cross, grunt_dithmenos_smoke, grunt_temple_overflow_open,
          uniq_grinder
D:4:      layout_loops_ring, grunt_decor_one_mirror
D:5:      layout_loops_ring, minmay_temple_entry_junction_2, serial_shops,
          nicolae_stop_n_shop_1, nicolae_take_the_stairs, uniq_edmund
D:6:      layout_basic, nicolae_yredelemnul_ghost_church,
          nicolae_ossuary_entry_plus, kennysheep_windowed_goal

Skill      XL: |  1  2  3  4  5  6  7  8  9 |
---------------+----------------------------+-----
Fighting       | 4 5 6 8 |  8.7
Axes           | 4 5 6 8 |  8.7
Armour         | 3 4 5 6 7 8 |  8.2
Dodging        | 3 4 5 6 7 |  7.5

Action                   |  1- 3 |  4- 6 |  7- 9 || total
-------------------------+-------+-------+-------++-------
Melee: Hand axe          |    95 |    80 |   305 ||   480
       Headbutt          |    11 |    19 |    74 ||   104
Invok: Trog's Hand       |     1 |     1 |     8 ||    10
       Berserk           |     1 |     1 |     6 ||     8
  Use: Scroll            |       |       |    11 ||    11
Armor: Animal skin       |    11 |       |       ||    11
       Leather armour    |     1 |       |       ||     1
       Ring mail         |       |    14 |       ||    14
       Chain mail        |       |     8 |   140 ||   148
Dodge: Dodged            |    58 |    50 |   162 ||   270
